 Dungeon Crawl Stone Soup version 0.29.1-1-gd02db6906a (webtiles) character file.

Game seed: 18077676841021170171

15 fireball365 the Covered (level 2, 0/27 HPs)
             Began as a Minotaur Fighter on Oct 10, 2022.
             Slain by a gnoll
             ... wielding a +0 flail
              (9 damage)
             ... on level 2 of the Dungeon.
             The game lasted 00:04:11 (1055 turns).

fireball365 the Covered (Minotaur Fighter)          Turns: 1055, Time: 00:04:12

Health: 0/27       AC: 11    Str: 20    XL:     2   Next: 34%
Magic:  1/1        EV:  9    Int:  5    God:
Gold:   71         SH:  4    Dex:  9    Spells: 1/1 levels left

rFire   . . .      SeeInvis .   a - +0 war axe
rCold   . . .      Faith    .   c - +0 buckler
rNeg    . . .      Spirit   .   g - +0 plate armour
rPois   .          Reflect  .   e - +0 hat
rElec   .          Harm     .   (no cloak)
rCorr   .          Rampage  .   (no gloves)
Will    .....                   (no boots)
Stlth   ..........              (no amulet)
HPRegen 0.09/turn               n - +4 ring of evasion
MPRegen 0.07/turn               (no ring)

@: no status effects
A: horns 2, retaliatory headbutt
a: no special abilities


You were on level 2 of the Dungeon.
You visited 1 branch of the dungeon, and saw 2 of its levels.

You collected 71 gold pieces.

Inventory:

Hand Weapons
 a - a +0 war axe (weapon)
Missiles
 f - 39 stones (quivered)
 k - a throwing net
 l - 4 poisoned darts
Armour
 b - a +0 scale mail
 c - a +0 buckler (worn)
 e - a +0 hat (worn)
 g - a +0 plate armour (worn)
Jewellery
 n - a +4 ring of evasion (left hand)
Scrolls
 i - 2 scrolls of noise {unknown}
 m - a scroll of identify {unknown}
Potions
 d - a potion of might
 h - a potion of mutation {unknown}
 j - a potion of degeneration {unknown}


   Skills:
 - Level 3.8 Fighting
 * Level 2.8 Axes
 + Level 3.9 Armour
 + Level 3.9 Shields


You had one spell level left.
You didn't know any spells.
Your spell library was empty.

Dungeon Overview and Level Annotations

Branches:
Dungeon (2/15)

Altars:


Innate Abilities, Weirdness & Mutations

You have a pair of horns on your head.
You reflexively headbutt those who attack you in melee.


Message History

f - 31 stones (gained 5)
The bat hits you but does no damage.
You see here 8 stones.
You block the bat's attack. The bat hits you but does no damage.
You see here 8 stones.
You block the bat's attack.
You closely miss the bat. You headbutt the bat.
The bat is moderately wounded.
The bat hits you but does no damage. The bat completely misses you.
You furiously retaliate!
You headbutt the bat!
You kill the bat!
f - 39 stones (gained 8)
You see here a bat corpse.
As you open the door, it creaks loudly!
Found a pearl ring.
i - 2 scrolls labelled MOABASAP WOSI (gained 1)
n - a +4 ring of evasion
n - a +4 ring of evasion (left hand)
You open the door.
Found an escape hatch in the ceiling.
There is an open door here.
As you open the door, it creaks loudly!
There is an open door here.
You open the door. 2 gnolls come into view.
The gnoll shouts!
A gnoll comes into view. It is wielding a +0 flail.
The gnoll shouts!
The gnoll barely misses you. You block the gnoll's attack.
A worm comes into view.
There is an open door here.
You slash the gnoll!
The gnoll is heavily wounded.
You hit the gnoll but do no damage. The gnoll barely misses you.
The gnoll hits you with a +0 flail! x2; You block the gnoll's attack.
The gnoll hits you from afar with a +0 halberd.
You block the gnoll's attack. The gnoll attacks as you move away!
The gnoll hits you with a +0 flail!
You die...

.## #...
####+###....
#...........
#...........
#....g......
#...gg....w.
#@# #.#
#######'##
.........#
.........#
.........#
...<.....#
#######'##
#......##


You could see a worm and 3 gnolls.

Vanquished Creatures
  2 bats
  An endoplasm (D:1)
  A giant cockroach (D:1)
  3 goblins
  A hobgoblin (D:1)
  A quokka (D:1)
  3 frilled lizards (D:1)
  2 kobolds
14 creatures vanquished.

Notes
Turn   | Place    | Note
-------+----------+-------------------------------------------
     0 | D:1      | fireball365 the Minotaur Fighter began the quest for the
                  | Orb.
     0 | D:1      | Reached XP level 1. HP: 19/19 MP: 0/0
   270 | D:1      | Reached XP level 2. HP: 27/27 MP: 1/1
  1055 | D:2      | Slain by a gnoll

Illustrated notes

Levels and vault maps discovered:
D:1:      dpeg_arrival_snail, layout_basic, chequers_serial_rivers_small_3,
          kennysheep_small_spiral, roderic_cross_of_infinity
D:2:      layout_basic

Action                   || total
-------------------------++-------
Melee: War axe           ||    19
       Headbutt          ||     3
Armor: Plate armour      ||    24
Dodge: Dodged            ||    14
Block: Buckler           ||    11
